 Dungeon Crawl Stone Soup version 0.22.0 (webtiles) character file.

5383 Gergoth the Fighter (level 10, -3/94 HPs)
             Began as a Minotaur Gladiator on Aug 11, 2018.
             Was a Priest of Nemelex Xobeh.
             Slain by a hippogriff (7 damage)
             ... on level 8 of the Dungeon.
             The game lasted 00:15:20 (7247 turns).

Gergoth the Fighter (Minotaur Gladiator)            Turns: 7247, Time: 00:15:21

Health: -3/94      AC:  5    Str: 23    XL:     10   Next: 39%
Magic:  5/5        EV: 12    Int:  6    God:    Nemelex Xobeh [***...]
Gold:   367        SH:  0    Dex: 12    Spells: 9/9 levels left

rFire    . . .     SeeInvis .   J - +1 hand axe (antimagic)
rCold    . . .     Gourm    .   (no shield)
rNeg     . . .     Faith    .   u - +0 ring mail
rPois    .         Spirit   .   c - +0 hat
rElec    .         Reflect  .   m - scarf {repulsion}
rCorr    .         Harm     .   (no gloves)
MR       .....                  (no boots)
Stlth    +.........             (no amulet)
HPRegen  0.25/turn              o - ring of wizardry
MPRegen  0.09/turn              q - +2 ring of strength

@: repel missiles
A: retaliatory headbutt, horns 2
a: Triple Draw, Renounce Religion


You were on level 8 of the Dungeon.
You worshipped Nemelex Xobeh.
Nemelex Xobeh was most pleased with you.
You were not hungry.

You visited 1 branch of the dungeon, and saw 8 of its levels.
You also visited: Bailey.

You collected 367 gold pieces.

Inventory:

Hand Weapons
 a - a +1 war axe
 J - a +1 antimagic hand axe (weapon)
Missiles
 p - 38 tomahawks of returning (quivered)
 z - 3 javelins of penetration
Armour
 c - a +0 hat (worn)
 m - a scarf of repulsion (worn)
 u - a +0 ring mail (worn)
Jewellery
 o - a ring of wizardry (left hand)
 q - a +2 ring of strength (right hand)
 t - an uncursed ring of magical power {unknown}
Wands
 y - a wand of acid (10)
 D - a wand of iceblast (6)
Scrolls
 b - a scroll of enchant armour {unknown}
 h - 3 scrolls of enchant weapon
 i - 2 scrolls of immolation
 j - a scroll of vulnerability {unknown}
 k - 5 scrolls of teleportation
 v - 2 scrolls of remove curse
 E - a scroll of blinking {unknown}
 G - a scroll of acquirement {unknown}
 I - a scroll of identify {@r1}
Potions
 e - a potion of resistance
 n - a potion of ambrosia {unknown}
 r - 4 potions of haste
 s - 5 potions of curing
 w - 3 potions of mutation {unknown}
 B - a potion of flight {unknown}
 F - a potion of agility {unknown}
 H - a potion of experience {unknown}
Miscellaneous
 g - a plain deck of destruction {drawn: 9}
 l - a plain deck of summoning
 x - a plain deck of destruction
 A - an ornate deck of summoning {drawn: 6}
Comestibles
 f - 6 rations
 C - 7 chunks of flesh


   Skills:
 - Level 10.8 Fighting
 - Level 10.0 Axes
 - Level 2.0 Throwing
 - Level 3.2 Dodging
 + Level 10.1 Invocations


You had 9 spell levels left.
You didn't know any spells.
Your spell library contained the following spells:

 Spells                   Type           Power        Failure   Level  Hunger
 Magic Dart               Conj           #...         32%         1    ##.....
 Conjure Flame            Conj/Fire      #.......     65%         3    ####...
 Venom Bolt               Conj/Pois      #.........   100%        5    ######.
 Iskenderun's Mystic Bla  Conj           #.......     95%         4    #####..
 Stone Arrow              Conj/Erth      #.....       65%         3    ####...
 Throw Icicle             Conj/Ice       #.......     95%         4    #####..
 Fulminant Prism          Conj/Hex       #.........   95%         4    #####..
 Dazzling Spray           Conj/Hex       #.....       65%         3    ####...
 Force Lance              Conj/Tloc      #.......     95%         4    #####..
 Searing Ray              Conj           #.....       43%         2    ###....


Dungeon Overview and Level Annotations

Branches:
Dungeon (8/15)             Temple (0/1) D:6            Lair (0/6) D:8

Altars:
Ashenzari
Nemelex Xobeh
Ru
Trog
Vehumet
Zin
The Shining One

Shops:
D:5 %   D:7 (

Annotations:
D:3 3 runed doors, Fingolfin's ghost, amateur DrTm
D:4 Dowan; Duvessa
D:8 Grum


Innate Abilities, Weirdness & Mutations

You reflexively headbutt those who attack you in melee.
You have a pair of horns on your head.


Message History

The hippogriff is heavily wounded.
The hippogriff completely misses you. The hippogriff misses you.
The hippogriff claws you.
* * * LOW HITPOINT WARNING * * *
You barely miss the hippogriff. You headbutt the hippogriff!
The hippogriff is severely wounded.
The hippogriff closely misses you. You furiously retaliate!
You headbutt the hippogriff. The hippogriff pecks you!
* * * LOW HITPOINT WARNING * * *
The hippogriff claws you.
* * * LOW HITPOINT WARNING * * *
You barely miss the hippogriff.
You headbutt the hippogriff, but do no damage.
The hippogriff is severely wounded.
The hippogriff bites you but does no damage.
The hippogriff pecks you.
* * * LOW HITPOINT WARNING * * *
The hippogriff claws you!
You die...
Your body disappears without a glow.

. ##.##
...##...######
....)))gr†..(#
...##...####.# ..
#.###.###h#######
P #.#
#...h......# ##
#.###H###.#.# #s#
#.# #.# #@#
.#####s###H#
#.........#h#
######.....h#
........###
###.......#
..........#
.##.......#
###...###


You could see a hippogriff, a wolf and Grum the hound.

Vanquished Creatures
  An orc warlord (Bailey)
  Harold (D:8)
  Psyche (D:8)
  A hippogriff (D:7)
  A tarantella (D:8)
  Menkaure (D:6)
  A water moccasin (D:5)
  2 orc warriors (Bailey)
  3 ogres
  A phantom (D:8)
  3 wolves (D:8)
  2 centaurs
  A crocodile (D:8)
  3 bullfrogs
  A water moccasin skeleton (D:7)
  2 wights (D:8)
  A howler monkey (D:3)
  5 crimson imps
  A quasit (D:5)
  A centaur zombie (D:7)
  An orc priest (D:3)
  2 hounds (D:8)
  An orc wizard (D:3)
  A bullfrog skeleton (D:4)
  A worker ant (D:7)
  A hound skeleton (D:7)
  A worker ant zombie (D:7)
  5 gnolls
  10 adders
  2 shadow imps
  3 oozes
  2 adder skeletons
  2 worms
  2 dart slugs
  6 leopard geckos
  16 orcs
  A ball python (D:3)
  5 giant cockroaches
  4 goblins
  17 hobgoblins
  14 jackals
  A quokka (D:8)
  7 bats
  6 frilled lizards
  24 kobolds
  A quokka skeleton (D:7)
  4 rats
173 creatures vanquished.

Vanquished Creatures (collateral kills)
  2 two-headed ogres
  Grinder (D:6)
  An ice beast (D:7)
  An ogre (D:6)
  A bullfrog (D:6)
  2 wights (D:8)
  An electric eel (D:7)
  A shadow imp (D:6)
10 creatures vanquished.

Vanquished Creatures (others)
  An orc (D:7)
1 creature vanquished.

Grand Total: 184 creatures vanquished

Notes
Turn   | Place    | Note
-------+----------+-------------------------------------------
     0 | D:1      | Gergoth the Minotaur Gladiator began the quest for the Orb.
     0 | D:1      | Reached XP level 1. HP: 18/18 MP: 0/0
    92 | D:1      | Reached XP level 2. HP: 25/25 MP: 1/1
   327 | D:1      | Reached XP level 3. HP: 26/31 MP: 2/2
   743 | D:2      | Found a sacrificial altar of Ru.
   806 | D:2      | Reached skill level 5 in Axes
   806 | D:2      | Reached XP level 4. HP: 26/40 MP: 3/3
  1216 | D:2      | Reached XP level 5. HP: 44/47 MP: 4/4
  1361 | D:3      | Reached skill level 5 in Fighting
  1804 | D:3      | Found a faded altar of an unknown god.
  1888 | D:3      | Noticed a centaur
  1895 | D:3      | Killed a centaur
  1895 | D:3      | Reached XP level 6. HP: 23/57 MP: 5/5
  2241 | D:3      | Became a worshipper of Nemelex Xobeh the Trickster
  2241 | D:3      | Received a gift from Nemelex Xobeh
  2241 | D:3      | Reached * piety under Nemelex Xobeh
  2479 | D:3      | Found a runed gate.
  2480 | D:3      | Noticed Fingolfin's ghost (amateur DrTm)
  2481 | D:3      | Found a runed gate.
  2481 | D:3      | Found a runed gate.
  2637 | D:3      | Found a bloodstained altar of Trog.
  2826 | D:4      | Found a shattered altar of Ashenzari.
  2828 | D:4      | Noticed Dowan
  2829 | D:4      | Noticed Duvessa
  3108 | D:4      | Reached skill level 1 in Invocations
  3168 | D:4      | Found a radiant altar of Vehumet.
  3168 | D:4      | Found a glowing silver altar of Zin.
  3183 | D:5      | Entered Level 5 of the Dungeon
  3189 | D:5      | Noticed a two-headed ogre
  3194 | D:5      | Killed a two-headed ogre
  3194 | D:5      | Reached XP level 7. HP: 66/66 MP: 5/8
  3419 | D:5      | Reached ** piety under Nemelex Xobeh
  3483 | D:5      | Found Nanomatu's Food Shop.
  3572 | D:5      | Reached XP level 8. HP: 54/73 MP: 9/9
  3754 | D:5      | Received a gift from Nemelex Xobeh
  4153 | D:6      | Noticed Grinder
  4158 | D:6      | Killed Grinder
  4292 | D:6      | Found a staircase to the Ecumenical Temple.
  4301 | D:6      | Noticed Menkaure
  4304 | D:6      | Killed Menkaure
  4872 | D:6      | Received a gift from Nemelex Xobeh
  5030 | D:7      | Reached skill level 5 in Invocations
  5058 | D:7      | Reached *** piety under Nemelex Xobeh
  5360 | D:7      | Reached XP level 9. HP: 67/83 MP: 12/12
  5846 | D:7      | Received a gift from Nemelex Xobeh
  5862 | D:7      | Found a glowing golden altar of the Shining One.
  6030 | D:7      | Found Jemesm's Weapon Shoppe.
  6167 | D:8      | Found a flagged portal.
  6223 | Bailey   | Entered a bailey
  6248 | Bailey   | Noticed an orc warlord
  6373 | Bailey   | Reached skill level 10 in Axes
  6587 | Bailey   | Found a runed gate.
  6588 | Bailey   | Found a runed gate.
  6589 | Bailey   | Found a runed gate.
  6721 | Bailey   | Killed an orc warlord
  6721 | Bailey   | Reached skill level 10 in Fighting
  6742 | Bailey   | Identified the Reference Book on Conjuration
  6763 | D:8      | Noticed Psyche
  6774 | D:8      | Killed Psyche
  6790 | D:8      | Noticed a two-headed ogre
  6807 | D:8      | Killed a two-headed ogre
  6807 | D:8      | Reached XP level 10. HP: 32/94 MP: 13/15
  7161 | D:8      | Noticed Harold
  7178 | D:8      | Found a staircase to the Lair.
  7190 | D:8      | Killed Harold
  7209 | D:8      | Noticed an elephant
  7216 | D:8      | Noticed Grum
  7228 | D:8      | an elephant changed into a tarantella
  7228 | D:8      | Noticed Grum
  7228 | D:8      | Grum changed into Grum the hound
  7234 | D:8      | Reached skill level 10 in Invocations
  7247 | D:8      | HP: 4/94 [hippogriff (3)]
  7247 | D:8      | Slain by a hippogriff

Skill      XL: |  1  2  3  4  5  6  7  8  9 10 |
---------------+-------------------------------+-----
Axes           | 4 5 6 7 8 9 10 | 10.0
Fighting       | 3 4 5 7 9 10 | 10.8
Invocations    | 3 5 8 10 | 10.1
Throwing       | |  2.0
Dodging        | |  3.2

Action                   |  1- 3 |  4- 6 |  7- 9 | 10-12 || total
-------------------------+-------+-------+-------+-------++-------
Melee: War axe           |    67 |   110 |   136 |       ||   313
       Headbutt          |    11 |    15 |    38 |    16 ||    80
       Hand axe          |       |       |       |    61 ||    61
Throw: Throwing net      |       |       |     3 |     2 ||     5
       Tomahawk          |       |       |    21 |       ||    21
Invok: Triple Draw       |       |       |     1 |       ||     1
Evoke: Deck              |       |     1 |     8 |     3 ||    12
       Wand              |       |       |     5 |       ||     5
  Use: Scroll            |       |     5 |     5 |       ||    10
 Stab: Held in net/web   |       |       |     2 |     1 ||     3
       Distracted        |       |       |       |     1 ||     1
  Eat: Chunk             |       |     7 |    12 |     1 ||    20
Armor: Leather armour    |    18 |    28 |    10 |       ||    56
       Ring mail         |       |       |    17 |     8 ||    25
Dodge: Dodged            |    49 |    84 |   123 |    26 ||   282
       Deflected         |       |     7 |    29 |     1 ||    37
